 Dungeon Crawl Stone Soup version 0.24-a0-57-gac335f2 (console) character file.

Game seed: 15354731518150686216

54 Duffy the Shield-Bearer (level 3, 4/20 HPs)
             Began as a Vine Stalker Fighter on Feb 4, 2019.
             Quit the game on level 2 of the Dungeon.
             The game lasted 00:01:03 (963 turns).

Duffy the Shield-Bearer (Vine Stalker Fighter)       Turns: 963, Time: 00:01:04

Health: 4/20       AC:  7    Str: 18    XL:     3   Next: 91%
Magic:  3/4        EV:  7    Int:  8    God:
Gold:   0          SH:  9    Dex: 14    Spells: 2/2 levels left

rFire    . . .     SeeInvis .   a - +0 rapier
rCold    . . .     Gourm    .   c - +0 shield
rNeg     . . .     Faith    .   b - +0 scale mail
rPois    .         Spirit   +   (no helmet)
rElec    .         Reflect  .   (no cloak)
rCorr    .         Harm     .   (no gloves)
MR       .....                  g - +0 pair of boots
Stlth    ..........             (no amulet)
HPRegen  0.06/turn              (no ring)
MPRegen  0.09/turn              (no ring)

@: no status effects
A: fangs 2, magic shield, antimagic bite, no potion heal 3, rot immunity
a: no special abilities


You were on level 2 of the Dungeon.
You were not hungry.

You visited 1 branch of the dungeon, and saw 3 of its levels.

Inventory:

Hand Weapons
 a - a +0 rapier (weapon)
Armour
 b - a +0 scale mail (worn)
 c - a +0 shield (worn)
 g - a +0 pair of boots (worn)
Scrolls
 h - 3 scrolls of magic mapping {unknown}
 i - a scroll of remove curse {unknown}
 j - a scroll of teleportation {unknown}
Potions
 d - a potion of might
 e - a potion of lignification {unknown}
Comestibles
 f - a ration
 k - 3 chunks of flesh


   Skills:
 + Level 3.1 Fighting
 + Level 2.3 Short Blades
 + Level 2.8 Armour
 + Level 3.1 Shields


You had 2 spell levels left.
You didn't know any spells.
Your spell library was empty.

Dungeon Overview and Level Annotations

Branches:
Dungeon (3/15)

Altars:


Innate Abilities, Weirdness & Mutations

You have extremely sharp teeth.
When hurt, damage is shared between your health and your magic reserves.
Your bite disrupts and absorbs the magic of your enemies.
Potions cannot restore your health.
You are immune to rotting.


Message History

Beogh smites you!
Ouch! That really hurt!
A giant cockroach comes into view.
An orc comes into view.
The kobold hits you but does no damage.
The hobgoblin moves out of view.
You are too injured to fight recklessly!
You are too injured to fight recklessly!
Found a stone staircase leading up.
The kobold throws a stone.
The stone hits you but does no damage.
Found a stone staircase leading down.
You see here a stone.
The kobold throws a stone.
The stone hits you.
You see here a stone.
You see here a pink potion.
You hear the slow rusting of a very distant drain.
Really walk into that dispersal trap?
Okay, then.
There is a stone staircase leading up here.
You climb upwards.
There is a stone staircase leading down here.
Are you sure you want to abandon this character and quit the game? (Confirm with "yes".)

## #.
....####.##.##.#
....#..(.##.##(#
.###........##.# ##
.........#####.#
#.#
####)..).......#
#.#
#####...########
#.## ........#
#>##.######(######
##@.......<........
#.##.#######.##.#..
#.# # .# #.# .# #.#
.# ## .# ..


There were no monsters in sight!

Vanquished Creatures
  3 gnolls
  An adder (D:3)
  A worm (D:1)
  A dart slug (D:3)
  A bat (D:2)
  A giant cockroach (D:3)
  A goblin (D:1)
  A hobgoblin (D:1)
  2 kobolds (D:2)
  3 rats
15 creatures vanquished.

Notes
Turn   | Place    | Note
-------+----------+-------------------------------------------
     0 | D:1      | Duffy the Vine Stalker Fighter began the quest for the Orb.
     0 | D:1      | Reached XP level 1. HP: 11/11 MP: 2/2
   162 | D:2      | Reached XP level 2. HP: 11/16 MP: 1/3
   473 | D:1      | Reached XP level 3. HP: 7/20 MP: 4/4
   910 | D:2      | You fall through a shaft!
   963 | D:2      | Quit the game

Vault maps used:
D:1:      nzn_arrival_depleted_hourglass
D:2:      minmay_heptomino_l4
D:3:      first_ration, portal_sewer_entry_a, fountainhead

Skill      XL: |  1  2 |
---------------+-------+-----
Short Blades   | 2 |  2.3
Fighting       | 3 |  3.1
Shields        | 3 |  3.1
Armour         | |  2.8

Action                   || total
-------------------------++-------
Melee: Rapier            ||    52
       Bite              ||    22
Armor: Scale mail        ||    25
Dodge: Dodged            ||    19
Block: Shield            ||    33

Table legend:
 A = Non-vault XP
 B = Vault XP
 C = Vault XP percentage of total XP
 D = Non-vault monster count
 E = Vault monster count
 F = Vault count percentage of total count
                 A         B        C        D         E       F
            +---------+---------+-------+---------+---------+-------
      Total |      78 |       0 |   0.0 |      15 |       0 |   0.0
            +---------+---------+-------+---------+---------+-------
        D:1 |      38 |       0 |   0.0 |       6 |       0 |   0.0
        D:2 |      20 |       0 |   0.0 |       5 |       0 |   0.0
        D:3 |      20 |       0 |   0.0 |       4 |       0 |   0.0
            +---------+---------+-------+---------+---------+-------
